 Dungeon Crawl Stone Soup version 0.31.0-11-ge490571c62 (webtiles) character file.

Game seed: 5909231301355784980

54 browni3141 the Trooper (level 3, 0/31 HPs)
             Began as a Barachi Monk on Feb 1, 2024.
             Slain by an adder (2 damage)
             ... on level 2 of the Dungeon.
             The game lasted 00:02:24 (437 turns).

browni3141 the Trooper (Barachi Monk)                Turns: 437, Time: 00:02:24

Health: 0/31       AC:  2    Str: 12    XL:     3   Next: 91%
Magic:  3/3        EV: 13    Int: 12    God:
Gold:   13         SH:  0    Dex: 14    Spells: 2/2 levels left

rFire   . . .        a - +0 falchion
rCold   . . .        d - orb {light}
rNeg    . . .        b - +0 robe
rPois   .            (no helmet)
rElec   .            (no cloak)
rCorr   .            (no gloves)
SInv    .            (no boots)
Will    .....        (no amulet)
Stlth   +            (no ring)
HPRegen 0.25/turn    (no ring)
MPRegen 0.08/turn

%: no passive effects
@: glowing, slow
A: amphibious, slowness 1, strong legs 1, +LOS
a: Hop


You were on level 2 of the Dungeon.
You visited 1 branch of the dungeon, and saw 3 of its levels.

You collected 13 gold pieces.

Inventory:

Hand Weapons
 a - a +0 falchion (weapon)
Armour
 b - a +0 robe (worn)
 d - an orb of light (worn)
Scrolls
 i - a scroll of enchant armour {unknown}
Potions
 c - a potion of ambrosia
 e - 2 potions of curing
 f - a potion of resistance {unknown}
 g - a potion of experience {unknown}
 h - a potion of brilliance {unknown}
 j - a potion of heal wounds {unknown}


   Skills:
 + Level 4.4 Fighting
 + Level 4.4 Long Blades
 + Level 4.0 Dodging


You had 2 spell levels left.
You didn't know any spells.
Your spell library was empty.

Dungeon Overview and Level Annotations

Branches:
Dungeon (3/15)

Altars:

Shops:
D:2 :

Annotations:
D:3 Natasha


Innate Abilities, Weirdness & Mutations

You are amphibious.
You cover ground slowly.
You can hop short distances.
You have an extended range of vision and can be seen from far away.


Message History

Your legs are too worn out to hop.
Terence the Incautious comes into view.
He is wielding a +0 mace.
Terence shouts!
Press: ? - help, v - describe, . - travel
Here: Terence, wielding a +0 mace and wearing a +0 scale mail (haloed)
The floor.
You hit Terence.
Terence is lightly wounded.
Terence says, "Don't bother to defend, it's pointless."
Terence misses you. Terence hits you with a +0 mace.
You hit Terence.
Terence is lightly wounded.
Terence barely misses you.
You hit Terence but do no damage.
Terence is lightly wounded.
Terence closely misses you.
You hit Terence.
Terence is moderately wounded.
Terence hits you with a +0 mace.
You hit Terence.
Terence is heavily wounded.
Terence hits you with a +0 mace!
You hit Terence.
Terence is severely wounded.
Terence barely misses you.
You hit Terence.
Terence is almost dead.
Terence hits you with a +0 mace.
You slash Terence!
You kill Terence!
You have reached level 3!
Your experience leads to an increase in your attributes!
Increase (S)trength, (I)ntelligence, or (D)exterity?
You feel clever. x2
Things that are here:
a +0 mace; a +0 scale mail
e - 2 potions of curing (gained 1) Autopickup is now off.
There is an open door here.
There is an open door here.
You see here a staff of cold.
You are a level 3 Barachi Monk.
You are 64% of the way to level 4.
Play time: 00:02:13 (412 turns).
Zot will find you in 17517 turns if you stay in this branch and explore no new floors.
An adder and a dart slug come into view.
Found an escape hatch in the floor.
The adder hisses angrily.
An adder comes into view.
The dart slug launches a dart at you. The slug dart misses you.
The adder hisses angrily.
You hit the adder.
The adder is lightly wounded.
The adder barely misses you.
The dart slug bites you but does no damage.
You hit the adder but do no damage.
The adder is lightly wounded.
The adder bites you. The dart slug bites you.
You hit the adder.
The adder is moderately wounded.
The adder bites you but does no damage.
You hit the adder.
The adder is almost dead.
You are ready to hop once more.
The adder closely misses you. The adder bites you.
The dart slug launches a dart at you. The slug dart hits you.
The adder closely misses you.
You hit the adder.
You kill the adder!
The adder bites you.
You are poisoned.
The adder poisons you! The dart slug misses you.
Your Dodging skill increases to level 4!
Unknown command.
You hit the adder but do no damage.
You feel sick. The adder barely misses you.
The dart slug completely misses you. The adder misses you.
You hit the adder.
The adder is moderately wounded.
You feel sick. The adder bites you.
You hit the adder.
The adder is severely wounded.
You feel sick. The dart slug launches a dart at you. The slug dart misses you.
The adder bites you but does no damage.
You barely miss the adder.
The adder is severely wounded.
You feel sick.
You are no longer poisoned.
The adder misses you. The dart slug launches a dart at you.
The slug dart misses you. The adder bites you but does no damage.
You barely miss the adder.
The adder is severely wounded.
The adder bites you but does no damage. The dart slug launches a dart at you.
The slug dart hits you.
You closely miss the adder.
The adder is severely wounded.
The adder bites you.
You die...

.... #.. .... #.# .....
#.# .....###.# [>.......#
#........# ####
#........# ..# #......Sw#
#.# #[..[...@# #.#
########.##############..
#.................
################## # # #
####################### #
#..........##.........# #


You could see an adder and a dart slug.

Vanquished Creatures
  Terence (D:2)
  An adder (D:2)
  A ribbon worm (D:3)
  A bat (D:1)
  An endoplasm (D:2)
  5 goblins
  2 hobgoblins (D:1)
  3 jackals
  2 frilled lizards
  A kobold (D:2)
18 creatures vanquished.

Notes
Turn   | Place    | Note
-------+----------+-------------------------------------------
     0 | D:1      | browni3141 the Barachi Monk began the quest for the Orb.
     0 | D:1      | Reached XP level 1. HP: 18/18 MP: 1/1
    71 | D:2      | Found Kaceun's Book Emporium.
   103 | D:3      | Noticed Natasha
   107 | D:3      | Noticed a cerulean imp
   108 | D:3      | Noticed a cerulean imp
   116 | D:3      | Noticed a cerulean imp
   129 | D:2      | Reached XP level 2. HP: 10/25 MP: 2/2
   365 | D:2      | Noticed Terence
   376 | D:2      | Killed Terence
   377 | D:2      | Reached XP level 3. HP: 7/31 MP: 3/3
   437 | D:2      | Slain by an adder

Illustrated notes

Levels and vault maps discovered:
D:1:      matt_arrival_spirals, layout_basic
D:2:      layout_basic, serial_shops, nicolae_shop_waterfront, uniq_terence
D:3:      layout_loops_ring, minmay_misc_feat_roman, kennysheep_big_empty_room,
          saegor_snake_ambush, uniq_natasha, uniq_sigmund, uniq_jessica

Skill      XL: |  1  2  3 |
---------------+----------+-----
Fighting       | 4 |  4.4
Long Blades    | 4 |  4.4
Dodging        | 4 |  4.0

Action                     || total
---------------------------++-------
  Melee: Falchion          ||    69
Ability: Hop               ||     4
    Use: Scroll            ||     1
 Armour: Robe              ||    51
  Dodge: Dodged            ||    62
